 Dungeon Crawl Stone Soup version 0.30-a0-12-gd8047c6341 (webtiles) character file.

Game seed: 14481042528795314116

21 siradein the Trooper (level 2, -1/24 HPs)
             Began as a Demonspawn Chaos Knight on Aug 24, 2022.
             Was a Plaything of Xom.
             Frozen to death by an endoplasm (3 damage)
             ... on level 1 of the Dungeon.
             The game lasted 00:00:46 (576 turns).

siradein the Trooper (Demonspawn Chaos Knight)       Turns: 576, Time: 00:00:47

Health: -1/24      AC:  5    Str: 12    XL:     2   Next: 62%
Magic:  2/2        EV: 11    Int: 13    God:    Xom [..*...]
Gold:   44         SH:  0    Dex: 12    Spells: 1/1 levels left

rFire   . . .      SeeInvis .    a - +0 spear (chaos)
rCold   . . .      Faith    .    (no shield)
rNeg    . . .      Spirit   .    b - +2 leather armour
rPois   .          Reflect  .    (no helmet)
rElec   .          Harm     .    (no cloak)
rCorr   .          Rampage  .    (no gloves)
Will    .....                    (no boots)
Stlth   +.........               (no amulet)
HPRegen 0.08/turn                (no ring)
MPRegen 0.08/turn                (no ring)

@: no status effects
A: foul stench 1
a: Renounce Religion


You were on level 1 of the Dungeon.
You worshipped Xom.
You were a toy of Xom.
You visited 1 branch of the dungeon, and saw 1 of its levels.

You collected 44 gold pieces.

Inventory:

Hand Weapons
 a - a +0 spear of chaos (weapon)
Armour
 b - a +2 leather armour (worn)
Scrolls
 e - a scroll of poison {unknown}
 f - a scroll of teleportation {unknown}
 g - 2 scrolls of noise {unknown}
Potions
 d - a potion of ambrosia {unknown}
Miscellaneous
 c - a piece from Xom's chessboard (9/15) (quivered)


   Skills:
 + Level 3.5 Fighting
 + Level 3.2 Polearms
 - Level 1.7 Armour
 - Level 0.8 Dodging


You had one spell level left.
You didn't know any spells.
Your spell library contained the following spells:

 Spells                   Type           Power      Damage    Failure   Level
 Apportation              Tloc           0%         N/A       36%         1
 Frozen Ramparts          Ice            0%         1d1       75%         3
 Gell's Gravitas          Tloc           0%         N/A       75%         3
 Hailstorm                Conj/Ice       0%         3d3       98%         4


Dungeon Overview and Level Annotations

Branches:
Dungeon (1/15)

Altars:


Innate Abilities, Weirdness & Mutations

You may rarely emit foul miasma when damaged in melee.


Message History

You make a move on Xom's chessboard...
The ball python struggles to resist.
The ball python bites you but does no damage.
The ball python constricts you. The endoplasm freezes you.
You are frozen.
* * * LOW HITPOINT WARNING * * *
You are too injured to fight recklessly!
You make a move on Xom's chessboard...
The endoplasm struggles to resist.
You kill the ball python!
The endoplasm freezes you.
You are frozen.
* * * LOW HITPOINT WARNING * * *
You are too injured to fight recklessly!
Unknown command.
You make a move on Xom's chessboard...
The endoplasm struggles to resist.
The endoplasm closely misses you.
Unknown command.
You are too injured to fight recklessly!
Unknown command.
You are too injured to fight recklessly!
Unknown command.
You are too injured to fight recklessly!
You are too injured to fight recklessly!
You barely miss the endoplasm. The endoplasm freezes you.
You are frozen.
* * * LOW HITPOINT WARNING * * *
You hit the endoplasm.
The endoplasm is lightly wounded.
The endoplasm freezes you.
You are frozen.
* * * LOW HITPOINT WARNING * * *
You hit the endoplasm.
The endoplasm is almost dead.
You hit the endoplasm but do no damage.
The endoplasm resists with some effort.
The endoplasm is almost dead.
The endoplasm freezes you.
You are frozen.
You die... "It was about time."

#.......# #####
#....##.# ..
###....##.# ... .
#.........#. ... ..
#..^......#. ##.. ..
#.........#.##.#####.#
#..#....###...#.....#.#
##.#....#
##..~.....~#.#
#.#....###.#~.~@J.~~.#
#.####.##.#..~.†J~.~..#
#.####.##.#...~.≈≈~~~~#
#.##..)..)#....≈._≈....
#...#.....#...~.≈≈~~~~#
#.. ##....#.?~.~~~.~..#
#. #..#.#.#~.~...~~.#.
# ..###.##..~.....~#.
##. ..# #.#.....#.


You could see 2 endoplasms.

Vanquished Creatures
  4 ball pythons (D:1)
  2 bats (D:1)
  2 endoplasms (D:1)
  A giant cockroach (D:1)
  2 goblins (D:1)
  3 jackals (D:1)
  3 kobolds (D:1)
17 creatures vanquished.

Notes
Turn   | Place    | Note
-------+----------+-------------------------------------------
     0 | D:1      | siradein the Demonspawn Chaos Knight began the quest for
                  | the Orb.
     0 | D:1      | Reached XP level 1. HP: 18/18 MP: 1/1
   205 | D:1      | XOM: silly message
   238 | D:1      | XOM: silly message
   241 | D:1      | Gained mutation: You may rarely emit foul miasma when
                  | damaged in melee. [demonic ancestry]
   241 | D:1      | Reached XP level 2. HP: 22/24 MP: 2/2
   476 | D:1      | Got the Vellum of Glacial Transposition
   560 | D:1      | Found a faded altar of an unknown god.
   574 | D:1      | HP: 1/24 [frozen (1)]
   576 | D:1      | Frozen to death by an endoplasm

Illustrated notes

Levels and vault maps discovered:
D:1:      lightli_arrival_boilingwater, layout_loops_corners,
          shapermc_ecumenical_altar_starsandcircs, serial_aquarium,
          aquarium_bridge_long_joined [aquarium_subvault_window,
          aquarium_subvault_window, aquarium_subvault_bridge,
          aquarium_subvault_bridge, aquarium_subvault_balcony,
          aquarium_subvault_bridge], aquarium_bridge_straight
          [aquarium_subvault_bridge, aquarium_subvault_wall,
          aquarium_subvault_bridge, aquarium_subvault_wall], aquarium_window_1,
          aquarium_window_1, aquarium_window_corridor_3, aquarium_window_1,
          aquarium_view_2b, aquarium_pool_1, minmay_misc_feat_pillars

Skill      XL: |  1 |
---------------+----+-----
Polearms       | 3 |  3.2
Fighting       | |  3.5
Armour         | |  1.7
Dodging        | |  0.8

Action                   || total
-------------------------++-------
Melee: Spear             ||    51
Evoke: Piece from Xom's  ||     6
 Stab: Sleeping          ||     1
       Distracted        ||     1
Armor: Leather armour    ||    24
Dodge: Dodged            ||    36

Table legend: (Time is in decaauts)
 A = Elapsed time spent in this place.
 B = Non-inter-level travel time spent in this place.
 C = Inter-level travel time spent in this place.
 D = Time resting spent in this place.
 E = Time spent auto-exploring this place.
 F = Levels seen in this place.
 G = Mean time per level.
                   A        B        C        D        E       F      G
               +--------+--------+--------+--------+--------+-----+--------+
         Total |    579 |    579 |      0 |      0 |    465 |   1 |  579.0 |
       Dungeon |    579 |    579 |      0 |      0 |    465 |   1 |  579.0 |
               +--------+--------+--------+--------+--------+-----+--------+

Top non-repeatable levels by time:
     D:1: 579 daAuts
